 Dungeon Crawl Stone Soup version 0.31.0-2-g5a2aebc5c2 (webtiles) character file.

Game seed: 17525518052117821798

33 Arctor the Shooter (level 3, 0/21 HPs)
             Began as a Kobold Hexslinger on Jan 20, 2024.
             Slain by a gnoll
             ... wielding a +0 spear
              (6 damage)
             ... on level 2 of the Dungeon.
             The game lasted 00:00:46 (804 turns).

Arctor the Shooter (Kobold Hexslinger)               Turns: 804, Time: 00:00:47

Health: 0/21       AC:  2    Str:  5    XL:     3   Next: 47%
Magic:  5/5        EV: 15    Int: 14    God:
Gold:   36         SH:  0    Dex: 19    Spells: 5/5 levels left

rFire   . . .        a - +1 sling
rCold   . . .        (no shield)
rNeg    . . .        c - +0 robe
rPois   .            (no helmet)
rElec   .            (no cloak)
rCorr   .            (no gloves)
SInv    .            (no boots)
Will    .....        (no amulet)
Stlth   +++          (no ring)
HPRegen 0.23/turn    (no ring)
MPRegen 0.09/turn

%: no passive effects
@: no status effects
A: small, no large weapons, nightstalker 3
a: no special abilities


You were on level 2 of the Dungeon.
You visited 1 branch of the dungeon, and saw 2 of its levels.

You collected 36 gold pieces.

Inventory:

Hand Weapons
 a - a +1 sling (weapon)
 k - a +1 dagger of pain
Armour
 c - a +0 robe (worn)
Scrolls
 b - a scroll of poison
 e - a scroll of identify {unknown}
 f - a scroll of fog {unknown}
 g - a scroll of noise {unknown}
 h - a scroll of amnesia {unknown}
 j - a scroll of summoning {unknown}
 l - a scroll of teleportation {unknown}
Potions
 d - 3 potions of curing {unknown}
 i - a potion of enlightenment {unknown}


   Skills:
 + Level 1.7 Fighting
 + Level 3.2 Ranged Weapons
 + Level 2.9 Dodging
 + Level 1.5 Spellcasting
 + Level 3.1 Hexes
 + Level 1.4 Fire Magic


You had 5 spell levels left.
You didn't know any spells.
Your spell library contained the following spells:

 Spells                   Type           Power      Damage    Failure   Level
 Jinxbite                 Hex            18%        N/A       11%         2
 Sigil of Binding         Hex            9%         N/A       21%         3
 Inner Flame              Hex/Fire       7%         N/A       28%         3
 Cause Fear               Hex            4%         N/A       56%         4
 Dimensional Bullseye     Hex/Tloc       2%         N/A       78%         4


Dungeon Overview and Level Annotations

Branches:
Dungeon (2/15)

Altars:


Innate Abilities, Weirdness & Mutations

You are small and have problems with some larger weapons.
You are completely attuned to the shadows.


Message History

There are monsters nearby!
You shoot a sling bullet.
The sling bullet closely misses the gnoll.
The sling bullet hits the gnoll.
The gnoll is lightly wounded.
The gnoll completely misses you.
You shoot a sling bullet. The sling bullet hits the gnoll.
You kill the gnoll!
The gnoll hits you from afar with a +0 spear!
You shoot a sling bullet. The sling bullet hits the gnoll.
The gnoll is lightly wounded.
The gnoll misses you.
A gnoll is nearby!
You shoot a sling bullet.
The sling bullet completely misses the gnoll.
The gnoll misses you. The gnoll barely misses you.
You shoot a sling bullet.
The sling bullet completely misses the gnoll.
The gnoll closely misses you.
You shoot a sling bullet.
The sling bullet barely misses the gnoll.
The gnoll closely misses you.
You shoot a sling bullet. The sling bullet hits the gnoll.
The gnoll is lightly wounded.
The gnoll hits you from afar with a +0 spear.
You shoot a sling bullet.
The sling bullet barely misses the gnoll.
The gnoll hits you from afar with a +0 spear.
The gnoll misses you.
You are too injured to fight recklessly!
The gnoll attacks as it pursues you! The gnoll barely misses you.
The gnoll attacks as it pursues you!
The gnoll hits you from afar with a +0 spear!
* * * LOW HITPOINT WARNING * * *
The gnoll attacks as it pursues you! The gnoll misses you.
The gnoll attacks as it pursues you! The gnoll closely misses you.
The gnoll attacks as it pursues you! The gnoll misses you.
There is a stone staircase leading up here.
The gnoll hits you from afar with a +0 spear.
You die...

###...###
#.......#
#.......#
###.......#
........###
........#
#####g#.##
[..##.#.#
#..@...#
####.###
...# #####


You could see a gnoll.

Vanquished Creatures
  A gnoll (D:2)
  A dart slug (D:1)
  6 endoplasms (D:1)
  2 giant cockroaches (D:1)
  A hobgoblin (D:1)
  A ball python (D:2)
  A bat (D:1)
  A frilled lizard (D:1)
  5 kobolds (D:1)
  3 rats (D:1)
22 creatures vanquished.

Notes
Turn   | Place    | Note
-------+----------+-------------------------------------------
     0 | D:1      | Arctor the Kobold Hexslinger began the quest for the Orb.
     0 | D:1      | Reached XP level 1. HP: 12/12 MP: 2/2
   127 | D:1      | Reached XP level 2. HP: 16/16 MP: 3/3
   465 | D:1      | Reached XP level 3. HP: 20/20 MP: 5/5
   783 | D:2      | HP: 1/21 [gnoll/+0 spear (7)]
   804 | D:2      | Slain by a gnoll

Illustrated notes

Levels and vault maps discovered:
D:1:      dpeg_arrival_pond, layout_loops_cross
D:2:      layout_loops_cross, ebering_ecumenical_altar_mist, kennysheep_potato,
          uniq_natasha

Skill      XL: |  1  2 |
---------------+-------+-----
Ranged Weapons | 3 |  3.2
Fighting       | |  1.7
Dodging        | |  2.9
Spellcasting   | |  1.5
Hexes          | |  3.1
Fire Magic     | |  1.4

Action                     || total
---------------------------++-------
   Fire: Sling             ||    52
 Armour: Robe              ||     7
  Dodge: Dodged            ||    17
